 Dungeon Crawl Stone Soup version 0.27-a0-1296-g8ece459b43 (webtiles) character file.

Game seed: 12909019004298253430

10059 27snakeeyes612 the Blocker (level 11, -7/69 HPs)
             Began as a Gargoyle Fighter on June 16, 2021.
             Was an Elder of Makhleb.
             Mangled by a two-headed ogre (18 damage)
             ... on level 11 of the Dungeon.
             The game lasted 00:12:22 (14869 turns).

27snakeeyes612 the Blocker (Gargoyle Fighter)      Turns: 14869, Time: 00:12:23

Health: -7/69      AC: 26    Str: 23    XL:     11   Next: 56%
Magic:  11/11      EV:  7    Int:  9    God:    Makhleb [****..]
Gold:   610        SH: 18    Dex:  9    Spells: 10/10 levels left

rFire    . . .     SeeInvis .   a - +1 flail (freeze)
rCold    . . .     Faith    .   c - +1 kite shield
rNeg     + . .     Spirit   .   g - +0 plate armour
rPois    ∞         Reflect  +   m - +0 helmet
rElec    +         Harm     .   r - +0 cloak
rCorr    .         Rampage  .   (no gloves)
Will     .....                  E - +0 pair of boots
Stlth    ..........             C - amulet of reflection
HPRegen  0.21/turn              k - ring of flight
MPRegen  0.12/turn              (no ring)

@: flying
A: sickness immunity, AC +8, negative energy resistance 1, electricity
resistance, torment resistance 1, petrification resistance
a: Renounce Religion, Minor Destruction, Lesser Servant of Makhleb, Major
Destruction


You were on level 11 of the Dungeon.
You worshipped Makhleb.
Makhleb was greatly pleased with you.
You visited 2 branches of the dungeon, and saw 13 of its levels.
You also visited: Ossuary.

You collected 610 gold pieces.

Inventory:

Hand Weapons
 a - a +1 flail of freezing (weapon)
 x - a +4 whip
Armour
 c - a +1 kite shield (worn)
 g - a +0 plate armour (worn)
 m - a +0 helmet (worn)
 r - a +0 cloak (worn)
 E - a +0 pair of boots (worn)
Jewellery
 e - a ring of poison resistance
 k - a ring of flight (left hand)
 C - an amulet of reflection (around neck)
Wands
 s - a wand of digging (6)
 w - a wand of iceblast (15)
 H - a wand of acid (4) (quivered)
Scrolls
 q - 3 scrolls of teleportation
 u - 2 scrolls of fog
 v - a scroll of blinking
 y - a scroll of holy word
 D - 7 scrolls of identify
 F - a scroll of enchant armour
 K - a scroll of fear
 M - 2 scrolls of amnesia
Potions
 b - a potion of attraction {unknown}
 d - 2 potions of might
 f - 2 potions of magic
 i - 2 potions of resistance
 j - a potion of mutation {unknown}
 l - 3 potions of berserk rage {unknown}
 n - a potion of haste
 o - 4 potions of lignification
 p - 2 potions of brilliance {unknown}
 t - a potion of ambrosia {unknown}
 z - a potion of cancellation {unknown}
 A - 3 potions of flight {unknown}
 B - 2 potions of degeneration {unknown}
 G - a potion of curing
 L - 2 potions of heal wounds {unknown}


   Skills:
 + Level 8.7 Fighting
 + Level 9.8 Maces & Flails
 - Level 0.4 Throwing
 + Level 9.9 Armour
 - Level 3.3 Dodging
 - Level 2.0 Stealth
 + Level 10.3 Shields


You had 10 spell levels left.
You didn't know any spells.
Your spell library contained the following spells:

 Spells                   Type           Power      Damage    Failure   Level
 Animate Skeleton         Necr           0%         N/A       100%        1
 Beastly Appendage        Tmut           0%         N/A       100%        1
 Pain                     Necr           0%         1d4       100%        1
 Wereblood                Tmut           0%         N/A       100%        2
 Spider Form              Tmut/Pois      0%         N/A       100%        3
 Vampiric Draining        Necr           0%         2d6       100%        3
 Animate Dead             Necr           0%         N/A       100%        4
 Ice Form                 Ice/Tmut       0%         N/A       100%        4
 Agony                    Necr           0%         N/A       100%        5
 Blade Hands              Tmut           0%         N/A       100%        5
 Irradiate                Conj/Tmut      0%         3d14      100%        5
 Dragon Form              Tmut           0%         N/A       100%        7
 Storm Form               Tmut/Air       0%         N/A       100%        7
 Statue Form              Tmut/Erth      Unusable   N/A       N/A         6

Dungeon Overview and Level Annotations

Branches:
Dungeon (12/15)            Temple (1/1) D:4            Lair (0/6) D:11
    Orc (0/2) D:11        Ossuary (visited)

Altars:
Ashenzari
Cheibriados
Dithmenos
Elyvilon
Fedhas
Gozag
Hepliaklqana
Makhleb
Nemelex Xobeh
Okawaru
Qazlal
Sif Muna
Trog
Uskayaw
Vehumet
Wu Jian
Yredelemnul
Zin
The Shining One

Shops:
D:10 =


Innate Abilities, Weirdness & Mutations

You are immune to sickness and miasma.
Your stone body is resilient. (AC +8)
You are immune to poison.
You resist negative energy. (rN+)
You are resistant to electric shocks. (rElec)
You are resistant to unholy torment.
You are immune to petrification.


Message History

The two-headed ogre hits you but does no damage.
You are too injured to fight recklessly!
You are too injured to fight recklessly!
You are too injured to fight recklessly!
You are too injured to fight recklessly!
You are too injured to fight recklessly!
You are too injured to fight recklessly!
You are too injured to fight recklessly!
You are too injured to fight recklessly!
You are too injured to fight recklessly!
You are too injured to fight recklessly!
You are too injured to fight recklessly!
You are too injured to fight recklessly!
You are too injured to fight recklessly!
You are too injured to fight recklessly!
You are too injured to fight recklessly!
You block the gnoll's attack.
There is an open door here.
There is a stone staircase leading up here.
You block the two-headed ogre's attack. x2; The gnoll barely misses you.
You fly upwards.
There is a stone staircase leading down here.
Aiming: Corrosive Bolt
Press: ? - help, Q - select action, (/) - cycle Shift-Dir - straight line, f - two-headed ogre
Aim: a two-headed ogre, wielding two +0 giant clubs (lightly wounded, 86% to hit)
The bolt of acid hits the two-headed ogre!
The two-headed ogre is splashed with acid.
The acid corrodes the two-headed ogre!
The two-headed ogre is heavily wounded.
The two-headed ogre hits you with a +0 giant club! x2
* * * LOW HITPOINT WARNING * * *
Aiming: Corrosive Bolt
Press: ? - help, Q - select action, (/) - cycle Shift-Dir - straight line, f/p - two-headed ogre
Aim: a two-headed ogre, wielding two +0 giant clubs (heavily wounded, covered in acid, 86% to hit)
The bolt of acid hits the two-headed ogre!
The two-headed ogre is splashed with acid.
The two-headed ogre seems to be corroded for longer.
The two-headed ogre is severely wounded.
The two-headed ogre hits you with a +0 giant club!!
You die...

#..#......##..###..##..###....
#..#......##..###..##...#.....
#..##.....##............#.....
#..##.....##............##....
#..##......#.......##...##....
#...#......#.......##'####....
#..##.....##..###..##....#....
#..##.>...##..###..##...##....
#..'........O@......#...##....
#..#................#.........
#..#................#.........
#..#########........#...######
#### #..##...##...#.....
#####...##...#.....
#.......######.....
#.......#..........
#..######..........


You could see a two-headed ogre (corroded).

Vanquished Creatures
  A boulder beetle (D:11)
  A two-headed ogre (D:10)
  A cyclops (D:11)
  A manticore (D:11)
  A troll (D:12)
  Prince Ribbit (D:6)
  Sigmund (D:6)
  A shadow (D:11)
  A wyvern (D:9)
  10 yaks
  2 wraiths
  4 vampire mosquitoes (D:12)
  A steam dragon (D:7)
  2 water moccasins
  A sky beast (D:6)
  3 necrophages
  An ice beast (D:6)
  5 orc warriors
  2 black bears (D:11)
  An ogre (D:5)
  13 centaurs
  3 phantoms
  4 kobold brigands
  4 bullfrogs
  5 scorpions
  2 howler monkeys (D:11)
  A hound (D:7)
  2 centaur zombies
  2 centaur skeletons (D:7)
  A gnoll shaman (D:10)
  2 orc priests
  2 jellies
  An iron imp (D:4)
  3 iguanas
  5 orc wizards
  2 killer bee zombies
  A hound skeleton (D:3)
  A mummy (Ossuary)
  A howler monkey zombie (D:8)
  Robin (D:3)
  11 gnolls
  8 adders
  2 ufetubi (D:6)
  An adder skeleton (D:4)
  A worm (D:3)
  18 orcs
  8 endoplasms
  18 goblins
  7 hobgoblins
  6 jackals
  3 quokkas
  9 ball pythons
  4 bats
  5 frilled lizards
  7 gnoll skeletons (Ossuary)
  A goblin zombie (D:5)
  29 kobolds
  4 kobold skeletons (Ossuary)
  14 orc skeletons (Ossuary)
  2 rats
  A rat zombie (D:5)
256 creatures vanquished.

Vanquished Creatures (others)
  An orc wizard (D:6)
  An orc (D:7)
  12 fungi (D:11)
  11 plants (D:11)
25 creatures vanquished.

Grand Total: 281 creatures vanquished

Notes
Turn   | Place    | Note
-------+----------+-------------------------------------------
     0 | D:1      | 27snakeeyes612 the Gargoyle Fighter began the quest for the
                  | Orb.
     0 | D:1      | Reached XP level 1. HP: 14/14 MP: 1/1
   206 | D:1      | Reached XP level 2. HP: 15/19 MP: 2/2
  1400 | D:1      | Reached XP level 3. HP: 6/23 MP: 3/3
  2260 | D:2      | Found a faded altar of an unknown god.
  2355 | D:3      | Reached XP level 4. HP: 26/28 MP: 4/4
  2356 | D:3      | Reached skill level 4 in Shields
  2397 | D:3      | Noticed Robin
  2676 | D:3      | Killed Robin
  3101 | D:3      | Reached XP level 5. HP: 32/32 MP: 5/5
  3251 | D:3      | Found a shadowy altar of Dithmenos.
  3419 | D:4      | Noticed a phantom
  3433 | D:4      | Killed a phantom
  3434 | D:4      | Reached skill level 1 in Dodging
  3499 | D:4      | Found a staircase to the Ecumenical Temple.
  3516 | Temple   | Entered the Ecumenical Temple
  3527 | Temple   | Became a worshipper of Makhleb the Destroyer
  3701 | D:4      | Reached XP level 6. HP: 38/38 MP: 6/6
  4088 | D:4      | Found a shimmering blue altar of Sif Muna.
  4283 | D:4      | Found a snail-covered altar of Cheibriados.
  4445 | D:4      | Reached * piety under Makhleb
  4874 | D:5      | Entered Level 5 of the Dungeon
  5103 | D:5      | Reached skill level 5 in Armour
  5103 | D:5      | Reached XP level 7. HP: 34/43 MP: 7/7
  5213 | D:5      | Reached skill level 1 in Stealth
  5213 | D:5      | Reached skill level 5 in Shields
  5282 | D:5      | Reached skill level 5 in Maces & Flails
  5289 | D:5      | Found a sand-covered staircase.
  5296 | Ossuary  | Entered an ossuary
  5296 | Ossuary  | Noticed a wraith
  5296 | Ossuary  | Noticed a wraith
  5296 | Ossuary  | Noticed a wraith
  5491 | Ossuary  | Noticed a wraith
  5515 | Ossuary  | Killed a wraith
  5837 | Ossuary  | Reached ** piety under Makhleb
  5996 | D:5      | Reached XP level 8. HP: 36/48 MP: 8/8
  7255 | D:6      | Reached skill level 6 in Shields
  7708 | D:6      | Noticed Sigmund
  7734 | D:6      | Killed Sigmund
  7735 | D:6      | Reached skill level 5 in Fighting
  7930 | D:6      | Reached XP level 9. HP: 54/54 MP: 9/9
  8284 | D:6      | Noticed Prince Ribbit
  8533 | D:6      | Killed Prince Ribbit
  8534 | D:6      | Reached skill level 7 in Shields
  9161 | D:7      | Found a stormy altar of Qazlal.
  9946 | D:7      | Found a white marble altar of Elyvilon.
 10145 | D:8      | Reached skill level 8 in Shields
 10554 | D:8      | HP: 1/55 [orc priest/divine providence (14)]
 10843 | D:8      | Found a blossoming altar of Fedhas.
 10851 | D:8      | Noticed a two-headed ogre
 11142 | D:8      | Found a bloodstained altar of Trog.
 11235 | D:8      | Reached XP level 10. HP: 60/60 MP: 10/10
 11419 | D:9      | Reached *** piety under Makhleb
 11981 | D:9      | Found a glowing golden altar of the Shining One.
 12160 | D:9      | Found a hazy altar of Hepliaklqana.
 12192 | D:10     | Entered Level 10 of the Dungeon
 12221 | D:10     | Reached skill level 9 in Shields
 12429 | D:10     | Found Kishrel's Jewellery Boutique.
 12504 | D:10     | Noticed a two-headed ogre
 13747 | D:10     | Killed a two-headed ogre
 13748 | D:10     | Reached XP level 11. HP: 44/68 MP: 11/11
 14118 | D:11     | Found a staircase to the Orcish Mines.
 14212 | D:11     | Found a staircase to the Lair.
 14303 | D:11     | Noticed a manticore
 14313 | D:11     | Killed a manticore
 14314 | D:11     | Reached skill level 10 in Shields
 14501 | D:11     | Noticed a boulder beetle
 14523 | D:11     | Killed a boulder beetle
 14570 | D:11     | Noticed a cyclops
 14585 | D:11     | Killed a cyclops
 14844 | D:12     | Noticed a two-headed ogre
 14849 | D:12     | Reached **** piety under Makhleb
 14869 | D:11     | Mangled by a two-headed ogre

Illustrated notes

Levels and vault maps discovered:
D:1:      wander_arrival_desolate, layout_basic
D:2:      layout_basic, hellmonk_ecumenical_altar_crossroads,
          guppyfry_early_orc_mine
D:3:      layout_basic, general_overflow_altar, uniq_robin
D:4:      cheibrodos_thug_alley, layout_rooms, slow_altar_2,
          overflow_temple_1_default, minmay_temple_entry_hall
D:5:      layout_basic, enter_ossuary_4
D:6:      layout_loops_ring, uniq_prince_ribbit1, uniq_sigmund
D:7:      layout_loops_ring, nicolae_qazlal_scattered_showers, elyvilon_altar_5
D:8:      layout_cave_pools, lemuel_round_altar, lightli_temple_of_fire,
          kennysheep_generic_room_10
D:9:      layout_rooms, worldfamousw_hep_ancestral_shrine,
          nicolae_tso_swordbearing_angel
D:10:     layout_basic, serial_shops, nicolae_inconvenience_store
D:11:     layout_gridville, grunt_lair_entry_orc_guard_hut, orc_0_dummy,
          minivault_1
D:12:     layout_roguey, portal_ice_cave_rime
Temple:   cyrus_circular_temple

Skill      XL: |  1  2  3  4  5  6  7  8  9 10 11 |
---------------+----------------------------------+-----
Armour         | 4 5 6 7 9 |  9.9
Shields        | 4 5 6 8 9 10 | 10.3
Maces & Flails | 3 4 5 6 8 9 |  9.8
Dodging        | 1 2 3 |  3.3
Fighting       | 4 5 7 8 |  8.7
Stealth        | 1 2 |  2.0
Throwing       | |  0.4

Action                   |  1- 3 |  4- 6 |  7- 9 | 10-12 || total
-------------------------+-------+-------+-------+-------++-------
Melee: Flail             |   123 |   269 |   312 |   216 ||   920
       Whip              |       |       |   276 |   233 ||   509
Throw: Dart              |       |       |     1 |     2 ||     3
       Throwing net      |       |       |     1 |     1 ||     2
Invok: Lesser Servant of |       |       |       |     1 ||     1
Evoke: Wand              |       |       |       |     3 ||     3
  Use: Scroll            |       |    10 |     9 |     5 ||    24
       Potion            |       |       |    10 |     1 ||    11
 Stab: Held in net/web   |       |       |       |     2 ||     2
Armor: Scale mail        |    62 |   157 |   315 |       ||   534
       Plate armour      |       |       |     6 |   347 ||   353
Dodge: Dodged            |    46 |    99 |   168 |   126 ||   439
Block: Kite shield       |    75 |   167 |   376 |   510 ||  1128
       Reflection        |       |       |     6 |    23 ||    29

Table legend: (Time is in decaauts)
 A = Elapsed time spent in this place.
 B = Non-inter-level travel time spent in this place.
 C = Inter-level travel time spent in this place.
 D = Time resting spent in this place.
 E = Time spent auto-exploring this place.
 F = Levels seen in this place.
 G = Mean time per level.
                   A        B        C        D        E       F      G
               +--------+--------+--------+--------+--------+-----+--------+
         Total |  15098 |  14736 |    362 |   3197 |   8813 |  14 | 1078.4 |
       Dungeon |  14472 |  14110 |    362 |   3197 |   8380 |  12 | 1206.0 |
        Temple |     19 |     19 |      0 |      0 |      3 |   1 |   19.0 |
       Ossuary |    605 |    605 |      0 |      0 |    430 |   1 |  605.0 |
               +--------+--------+--------+--------+--------+-----+--------+

Top non-repeatable levels by time:
     D:5: 1805 daAuts
     D:7: 1720 daAuts
     D:2: 1581 daAuts
     D:4: 1544 daAuts
     D:6: 1323 daAuts
    D:10: 1308 daAuts
     D:1: 1256 daAuts
     D:9: 1135 daAuts
    D:11: 1005 daAuts
     D:3: 1003 daAuts
     D:8: 714 daAuts
 Ossuary: 605 daAuts
    D:12: 73 daAuts
  Temple: 19 daAuts
